 Dungeon Crawl Stone Soup version 0.23.2-1-ga50397a (webtiles) character file.

Game seed: 8815666777299443879

2420 MalarOregon the Grappler (level 9, -9/82 HPs)
             Began as a Ghoul Gladiator on May 29, 2019.
             Was a Follower of Makhleb.
             Killed from afar by Maurice (12 damage)
             ... with a wand of acid (6)
             ... on level 8 of the Dungeon on May 30, 2019.
             The game lasted 00:13:39 (7250 turns).

MalarOregon the Grappler (Ghoul Gladiator)          Turns: 7250, Time: 00:13:40

Health: -9/82      AC: 10    Str: 21    XL:     9   Next: 48%
Magic:  11/11      EV:  3    Int:  3    God:    Makhleb [*.....]
Gold:   285        SH:  0    Dex: 12    Spells: 8/8 levels left

rFire    + . .     SeeInvis .     - Unarmed
rCold    + + .     Gourm    .   (no shield)
rNeg     + + +     Faith    .   B - +0 gold dragon scales
rPois    ∞         Spirit   .   b - +1 helmet
rElec    .         Reflect  .   (no cloak)
rCorr    .         Harm     .   (no gloves)
MR       .....                  (no boots)
Stlth    ..........             (no amulet)
HPRegen  0.00/turn              p - +2 ring of dexterity
MPRegen  0.12/turn              (no ring)

@: vulnerable, marked, corroded, very slightly contaminated, rotting
A: rotting body, claws 1, carnivore, cold resistance 1, negative energy
resistance 3, inhibited regeneration, torment resistance, unbreathing
a: Renounce Religion


You were on level 8 of the Dungeon.
You worshipped Makhleb.
Makhleb was aware of your devotion.
You were not hungry.

You visited 2 branches of the dungeon, and saw 9 of its levels.

You collected 495 gold pieces.
You spent 210 gold pieces at shops.

Inventory:

Missiles
 c - 5 throwing nets (quivered) {!f}
 m - 3 javelins
Armour
 b - a +1 helmet (worn)
 B - +0 gold dragon scales (worn)
   (You found it on level 7 of the Dungeon)
Jewellery
 p - a +2 ring of dexterity (left claw)
   (You found it on level 4 of the Dungeon)
 D - an uncursed ring of protection from cold {unknown}
   (You found it on level 8 of the Dungeon)
Wands
 t - a wand of flame (19)
   (You took it off a hobgoblin on level 6 of the Dungeon)
 x - a wand of acid (14)
   (You took it off Ijyb on level 3 of the Dungeon)
Scrolls
 f - 7 scrolls of remove curse {@r2}
 g - 15 scrolls of identify {@r1}
 k - 2 scrolls of enchant armour
 r - a scroll of blinking
 s - 4 scrolls of amnesia
 v - a scroll of magic mapping
 w - a scroll of fog
 A - 2 scrolls of enchant weapon
Potions
 h - 4 potions of heal wounds {@q2}
 i - 2 potions of magic {unknown}
 j - a potion of ambrosia {unknown}
 l - 2 potions of degeneration {unknown}
 n - a potion of agility {unknown}
 o - a potion of cancellation
 u - a potion of mutation {unknown}
 y - 2 potions of curing {unknown}
 C - a potion of resistance {unknown}
Comestibles
 e - 18 rations {!d}
 z - 11 chunks of flesh


   Skills:
 - Level 8.6 Fighting
 - Level 1.7 Throwing
 - Level 2.6 Dodging
 + Level 10.2 Unarmed Combat
 + Level 4.6 Invocations


You had 8 spell levels left.
You didn't know any spells.
Your spell library contained the following spells:

 Spells                   Type           Power        Failure   Level  Hunger
 Magic Dart               Conj           #...         100%        1    ##.....
 Blink                    Tloc           N/A          100%        2    ###....
 Call Imp                 Summ           #.......     100%        2    ###....
 Slow                     Hex            #.......     100%        2    ###....
 Conjure Flame            Conj/Fire      #.......     100%        3    ####...
 Mephitic Cloud           Conj/Pois/Air  #.......     100%        3    ####...


Dungeon Overview and Level Annotations

Branches:
Dungeon (8/15)             Temple (1/1) D:6
   Lair: D:8-11

Altars:
Ashenzari
Cheibriados
Dithmenos
Elyvilon
Fedhas
Hepliaklqana
Kikubaaqudgha
Makhleb
Nemelex Xobeh
Okawaru
Qazlal
Ru
Sif Muna
Trog
Uskayaw
Vehumet
Xom
Yredelemnul
Zin
The Shining One

Shops:
D:4 [?}:[   D:6 =   D:7 [

Annotations:
D:8 Harold, Maurice


Innate Abilities, Weirdness & Mutations

Your body is rotting away.
You thrive on raw meat.
You are immune to poison.
You have sharp fingernails.
You are carnivorous and can eat meat at any time.
Your flesh is cold resistant. (rC+)
You are immune to negative energy. (rN+++)
You do not regenerate when monsters are visible.
You are immune to unholy pain and torment.
You can survive without breathing.


Message History

An orc comes into view. It is wielding a +0 flail.
You hear a zap.
Some rock shatters into small pieces.
Maurice the Thief comes into view.
He is wielding a +0 flail and carrying a wand of acid (8).
Maurice shouts, "HAHA!"
Maurice casts a spell.
Maurice blinks!
Blink to where?
As you read the scroll of blinking, it crumbles to dust.
As you read the scroll labeled DENATZAIMA, it crumbles to dust.
Magic quickly surges around you.
It was a scroll of vulnerability.
Maurice mumbles some strange words.
Maurice flickers and vanishes!
Deactivating autopickup; reactivate with Ctrl-A.
As you read the scroll labeled JYOZETZ QUYTAY, it crumbles to dust.
You feel strangely unstable.
It was a scroll of teleportation.
A shadow imp comes into view.
The shadow imp shouts, "Bolt, thou stale dismal-dreaming reprobate!"
Your surroundings suddenly seem different.
You start resting.
Some of the chunks of flesh in your inventory have rotted away.
Harold is too close now for your liking.
You hear a zap.
You hear a grinding noise.
You enter the shallow water.
Moving in this stuff is going to be slow.
You hear a zap.
You hear a grinding noise.
You hear some strange, mumbled words.
Something hits you but does no damage. Something hits you but does no damage.
You hear a zap.
A bolt of acid appears from out of thin air!
The bolt of acid misses you.
Some of the chunks of flesh in your inventory have rotted away.
You enter the shallow water.
Moving in this stuff is going to be slow.
You see here a +0 hand axe.
Maurice appears from thin air!
Reactivating autopickup.
Maurice zaps a wand.
The bolt of acid hits you.
* * * LOW HITPOINT WARNING * * *
The acid corrodes you!
You are splashed with acid!
* * * LOW HITPOINT WARNING * * *
The bolt of acid hits the plant.
The plant is splashed with acid.
Aim: Maurice, wielding a +0 flail, wearing a +0 cloak and carrying a wand of acid (6) (susceptible to hostile enchantments, covering ground quickly)
The mass of ice explodes!
The iceblast engulfs Maurice!
The iceblast engulfs the plant! x2; The now-empty wand crumbles to dust.
Maurice zaps a wand.
The bolt of acid hits you!
You die...

≈≈≈≈≈≈≈.≈....# #..##....))...
≈...≈........# ##..#####)####
.............## #..# #.......
......≈≈.@≈P♣≈♣## #..###.#.####
≈≈..≈P≈P)≈)P≈≈P≈### ##..##.#.#...
≈P≈≈≈≈≈[P[≈≈≈≈PP♣.# #..##.#.#.##
♣≈P≈≈P≈≈≈≈≈P≈≈@♣..# ##..#.#>..#
#♣≈≈≈≈≈≈≈≈≈≈≈≈♣...# #..#.#.###
#≈≈P≈≈≈≈≈≈♣♣♣##.@.#####..#.#.#
#♣≈≈≈♣≈P♣#...........##..#.######
..♣♣♣♣♣♣.........................
# ##.....##....###...######
#..... ###### #...# #..... ##..#
#.#### #..#### #. #..#..# #.>#..#


You could see Harold and Maurice.

Vanquished Creatures
  Eustachio (D:5)
  A black bear (D:6)
  An orc warrior (D:6)
  A sky beast (D:3)
  3 ogres
  3 scorpions
  A water moccasin skeleton (D:7)
  2 electric eels (D:8)
  A howler monkey (D:8)
  4 crimson imps
  A centaur zombie (D:6)
  A quasit (D:5)
  9 orc priests
  2 hounds
  14 orc wizards
  Jessica (D:3)
  Ijyb (D:3)
  An iguana (D:8)
  6 worker ants
  Terence (D:3)
  A hound zombie (D:6)
  6 adders
  3 gnolls (D:4)
  2 oozes (D:1)
  2 adder zombies
  2 worms
  3 dart slugs
  5 leopard geckos
  26 orcs
  9 bats
  6 giant cockroaches
  6 goblins
  11 hobgoblins
  30 jackals
  5 quokkas
  4 frilled lizards
  2 jackal skeletons (D:4)
  6 kobolds
  A quokka zombie (D:5)
  4 rats
189 creatures vanquished.

Vanquished Creatures (others)
  An orc (D:8)
  A jackal skeleton (D:8)
2 creatures vanquished.

Grand Total: 191 creatures vanquished

Notes
Turn   | Place    | Note
-------+----------+-------------------------------------------
     0 | D:1      | MalarOregon the Ghoul Gladiator began the quest for the
                  | Orb.
     0 | D:1      | Reached XP level 1. HP: 17/17 MP: 0/0
   499 | D:1      | Reached XP level 2. HP: 25/25 MP: 1/1
   623 | D:1      | Found a stormy altar of Qazlal.
   625 | D:1      | Found a glowing golden altar of the Shining One.
   625 | D:1      | Found a shimmering altar of Xom.
   627 | D:1      | Found a snail-covered altar of Cheibriados.
   627 | D:1      | Found a sacrificial altar of Ru.
   627 | D:1      | Found a glowing silver altar of Zin.
   721 | D:1      | Reached XP level 3. HP: 20/31 MP: 2/2
   724 | D:1      | Reached skill level 4 in Unarmed Combat
  1311 | D:2      | Reached XP level 4. HP: 33/37 MP: 3/3
  1596 | D:2      | Found a deep blue altar of Sif Muna.
  1708 | D:3      | Noticed Jessica
  1711 | D:3      | Killed Jessica
  1711 | D:3      | Noticed Terence
  1863 | D:3      | Killed Terence
  1863 | D:3      | Reached XP level 5. HP: 12/46 MP: 4/4
  2160 | D:3      | Reached skill level 5 in Unarmed Combat
  2192 | D:3      | Noticed a sky beast
  2226 | D:3      | Killed a sky beast
  2226 | D:3      | Reached XP level 6. HP: 27/55 MP: 5/5
  2366 | D:3      | Reached skill level 5 in Fighting
  2491 | D:3      | Noticed Ijyb
  2509 | D:3      | Killed Ijyb
  2946 | D:4      | Found Kiuf's Antique Armour Emporium.
  2969 | D:4      | Reached skill level 6 in Unarmed Combat
  2988 | D:4      | Found Pachuny's Book Emporium.
  2991 | D:4      | Found Bisoc's Gadget Emporium.
  3046 | D:4      | Reached XP level 7. HP: 23/62 MP: 6/6
  3241 | D:4      | Found Wuorch's Magic Scroll Shop.
  3247 | D:4      | Bought a scroll of blinking for 105 gold pieces
  3247 | D:4      | Bought a scroll of blinking for 105 gold pieces
  3457 | D:4      | Found a sparkling altar of Nemelex Xobeh.
  3559 | D:4      | Found Fucecem's Armour Emporium.
  3805 | D:4      | Found a stormy altar of Qazlal.
  3807 | D:4      | Found a blossoming altar of Fedhas.
  3962 | D:5      | Entered Level 5 of the Dungeon
  4124 | D:5      | Reached skill level 7 in Unarmed Combat
  4223 | D:5      | Reached XP level 8. HP: 51/73 MP: 7/7
  4578 | D:5      | Noticed Eustachio
  4595 | D:5      | Killed Eustachio
  4876 | D:6      | Reached skill level 8 in Unarmed Combat
  4949 | D:6      | Found a radiant altar of Vehumet.
  5046 | D:6      | Found Wepsib's Jewellery Shop.
  5594 | D:6      | Reached skill level 9 in Unarmed Combat
  5626 | D:6      | Found a staircase to the Ecumenical Temple.
  5700 | Temple   | Entered the Ecumenical Temple
  5892 | Temple   | Became a worshipper of Makhleb the Destroyer
  5966 | D:7      | Reached skill level 1 in Invocations
  6077 | D:7      | Found a sparkling altar of Nemelex Xobeh.
  6270 | D:7      | Found a shadowy altar of Dithmenos.
  6319 | D:7      | Reached XP level 9. HP: 72/82 MP: 9/9
  6512 | D:7      | Found Ikats's Antique Armour Boutique.
  6774 | D:8      | Reached * piety under Makhleb
  6985 | D:8      | Reached skill level 10 in Unarmed Combat
  7204 | D:8      | Noticed Harold
  7215 | D:8      | Noticed Maurice
  7246 | D:8      | HP: 3/82 [acid (8)]
  7250 | D:8      | Killed from afar by Maurice

Skill      XL: |  1  2  3  4  5  6  7  8  9 |
---------------+----------------------------+-----
Fighting       | 3 4 5 7 8 |  8.6
Unarmed Combat | 4 5 6 7 9 10 | 10.2
Invocations    | 1 4 |  4.6
Throwing       | |  1.7
Dodging        | |  2.6

Action                   |  1- 3 |  4- 6 |  7- 9 || total
-------------------------+-------+-------+-------++-------
Melee: Unarmed           |   112 |   163 |   415 ||   690
       Punch             |       |     1 |     8 ||     9
Evoke: Wand              |       |       |     1 ||     1
  Use: Scroll            |       |    10 |     4 ||    14
       Potion            |       |     2 |       ||     2
  Eat: Chunk             |     3 |    19 |    35 ||    57
Armor: Leather armour    |    49 |    34 |    86 ||   169
       Gold dragon scale |       |       |   158 ||   158
Dodge: Dodged            |   111 |   106 |   184 ||   401
